 Dungeon Sprint DCSS version 0.30-a0-824-g6c64550be9 (webtiles) character file.

Game seed: 12597910478726261198

1059 dialectric the Fighter (level 8, -9/90 HPs)
             Began as a Gargoyle Berserker on Feb 28, 2023.
             Was an Elder of Trog.
             Mangled by a cane toad (15 damage)
             ... in the Dungeon (Sprint II: "The Violet Keep of Menkaure").
             The game lasted 00:02:47 (424 turns).

dialectric the Fighter (Gargoyle Berserker)          Turns: 424, Time: 00:02:47

Health: -9/90      AC:  8    Str: 24    XL:     8   Next: 27%
Magic:  8/8        EV: 12    Int:  8    God:    Trog [****..]
Gold:   489        SH:  0    Dex: 11    Spells: 7/7 levels left

rFire   . . .      SeeInvis .    i - +3 morningstar "Ukuugal" {drain, rCorr Str+3}
rCold   . . .      Faith    .    (no shield)
rNeg    + . .      Spirit   .    b - +0 animal skin
rPois   ∞          Reflect  .    (no helmet)
rElec   +          Harm     .    (no cloak)
rCorr   +          Rampage  .    (no gloves)
Will    .....      NoTele   +    (no boots) Stlth
                                 (no amulet)
HPRegen 0.35/turn                (no ring)
MPRegen 0.11/turn                (no ring)

@: berserking (expiring), very quick
A: sickness immunity, AC +5, negative energy resistance 1, electricity
resistance, torment resistance 1, petrification resistance, fangs 1, screaming 1
a: Renounce Religion, Berserk, Trog's Hand, Brothers in Arms


You were in the Dungeon.
You worshipped Trog.
Trog was greatly pleased with you.
You visited 1 branch You collected 729 gold pieces.
You spent 240 gold pieces at shops.

Inventory:

Hand Weapons
 a - a +0 falchion
 i - the +3 morningstar "Ukuugal" (weapon) {drain, rCorr Str+3}
   (You bought it in a shop in the Dungeon)

   Str:       It affects your strength (+3).
   rCorr:     It protects you from acid and corrosion.
Armour
 b - a +0 animal skin (worn)
Scrolls
 h - a scroll of blinking
Potions
 c - 2 potions of curing
 e - a potion of haste
 f - 2 potions of magic
 g - a potion of berserk rage


   Skills:
 - Level 12.0 Fighting
 + Level 11.7 Long Blades
 * Level 2.5 Maces & Flails
 + Level 6.6 Armour
 - Level 2.5 Dodging


You had 7 spell levels left.
You didn't know any spells.
Your spell library was empty.

Dungeon Overview and Level Annotations

Branches:
Dungeon (1/1)

Altars:
Cheibriados
Dithmenos
Elyvilon
Hepliaklqana
Kikubaaqudgha
Makhleb
Qazlal
Ru
Sif Muna
Trog
Uskayaw
Wu Jian
Xom
Yredelemnul
The Shining One
Jiyva
Lugonu

Shops:
D (:?[*(=[:?[!!=*

Annotations:
D exclusion: oklob plant


Innate Abilities, Weirdness & Mutations

You are immune to sickness and miasma.
Your stone body is resilient. (AC +5)
You are immune to poison.
You resist negative energy. (rN+)
You are resistant to electric shocks. (rElec)
You are resistant to unholy torment.
You are immune to petrification.
You have very sharp teeth.
You occasionally shout uncontrollably at your foes.


Message History

Found three altars.
Unknown command.
As you open the door, it creaks loudly!
A cane toad comes into view.
You hear a loud, deep croak!
The cane toad gives a loud, deep croak!
A cane toad comes into view.
The cane toad moves out of view.
Found a blackened garnet amulet.
A red film seems to cover your vision as you go berserk!
You feel yourself moving faster!
You feel mighty!
A polar bear comes into view.
The cane toad stings you but does no damage.
You puncture the cane toad! Your bite misses the cane toad.
The cane toad is moderately wounded.
The cane toad misses you. The cane toad stings you!!
You closely miss the cane toad.
The cane toad is moderately wounded.
The cane toad stings you!! The cane toad stings you!
* * * LOW HITPOINT WARNING * * *
You hit the cane toad. You drain the cane toad.
The cane toad is heavily wounded.
The cane toad barely misses you.
The cane toad stings you but does no damage.
You puncture the cane toad!
The cane toad is severely wounded.
The polar bear bites you but does no damage.
The polar bear closely misses you.
The polar bear claws you but does no damage.
The cane toad misses you.
The cane toad stings you but does no damage.
You barely miss the cane toad.
The cane toad is severely wounded.
The polar bear barely misses you. The polar bear claws you.
* * * LOW HITPOINT WARNING * * *
The polar bear claws you.
* * * LOW HITPOINT WARNING * * *
The cane toad stings you!
* * * LOW HITPOINT WARNING * * *
The cane toad stings you!
You die...

++ .. .. .. .##+# .. #.
##..###.#### .###
#..##.# ...# ^..#
##.#.####..#####..#
###'###.##..#."FF.#
###.##..##..# #@.# #
.'.<.'.##'..####.h##.#
###.##.#.#....###...##▓▓
#
#+###.##......~~~~~~~~~
# ###~~.....~#+###### #
#~~~§§~~..~#.._._._ #
#~~~~~~~~.§#._._._. ~#
#~~§§≈≈§~§~§#_._._._ ~~~
~~~~~~§≈§≈~§~#._._._.


You could see a polar bear and 2 cane toads.

Vanquished Creatures
  A blink frog (D)
  Menkaure (D)
  4 neqoxecs (D)
  4 scorpions (D)
  3 worms (D)
13 creatures vanquished.

Vanquished Creatures (others)
  A water moccasin (D)
1 creature vanquished.

Grand Total: 14 creatures vanquished

Notes
Turn   | Place    | Note
-------+----------+-------------------------------------------
     0 | D        | dialectric the Gargoyle Berserker began the quest for the
                  | Orb.
     0 | D        | Reached XP level 1. HP: 14/14 MP: 1/1
     1 | D        | Noticed a scorpion
     1 | D        | Noticed a scorpion
     1 | D        | Noticed a scorpion
     1 | D        | Noticed a scorpion
    10 | D        | Killed a scorpion
    11 | D        | Reached skill level 6 in Fighting
    11 | D        | Reached XP level 2. HP: 21/22 MP: 2/2
    11 | D        | Reached XP level 3. HP: 25/27 MP: 3/3
    13 | D        | Killed a scorpion
    14 | D        | Reached skill level 7 in Fighting
    14 | D        | Reached XP level 4. HP: 33/34 MP: 4/4
    14 | D        | Reached XP level 5. HP: 37/38 MP: 5/5
    17 | D        | Reached ** piety under Trog
    18 | D        | Reached skill level 8 in Fighting
    28 | D        | Reached skill level 9 in Fighting
    28 | D        | Reached XP level 6. HP: 10/46 MP: 6/6
   111 | D        | Killed a water moccasin
   172 | D        | Reached *** piety under Trog
   173 | D        | Reached skill level 5 in Armour
   183 | D        | Noticed a neqoxec
   183 | D        | Noticed a neqoxec
   183 | D        | Noticed a neqoxec
   183 | D        | Noticed a neqoxec
   183 | D        | Gained mutation: You occasionally shout uncontrollably at
                  | your foes. [a neqoxec]
   190 | D        | Killed a neqoxec
   191 | D        | Reached skill level 10 in Fighting
   198 | D        | Killed a neqoxec
   199 | D        | Reached XP level 7. HP: 53/53 MP: 7/7
   203 | D        | Killed a neqoxec
   204 | D        | Reached skill level 11 in Fighting
   204 | D        | Reached skill level 10 in Long Blades
   216 | D        | Gained mutation: You have very sharp teeth. [a neqoxec]
   218 | D        | Killed a neqoxec
   218 | D        | Reached **** piety under Trog
   231 | D        | Found Sirchi Jeer's Antique Armour Shop.
   231 | D        | Found Boxtigez's Antique Armour Boutique.
   231 | D        | Found Qokusch's Distillery.
   231 | D        | Found Osust's Book Boutique.
   231 | D        | Found Gatserick's General Store.
   231 | D        | Found Wosoops's Magic Scroll Boutique.
   231 | D        | Found Wyoryr's Jewellery Shop.
   231 | D        | Found Viyzoxi's Distillery.
   231 | D        | Found Wiel's Jewellery Boutique.
   232 | D        | Found Taipimos's Weapon Shop.
   232 | D        | Found Jietibosk's Assorted Antiques.
   234 | D        | Found Yrhekykk's Antique Armour Boutique.
   234 | D        | Found Segaf Husm's Magic Scroll Shop.
   234 | D        | Noticed Menkaure
   234 | D        | Noticed an oklob plant
   235 | D        | Found Ejinox's Antique Weapon Shop.
   235 | D        | Found Moinonn's Book Shoppe.
   235 | D        | Noticed a shining eye
   236 | D        | Noticed a shining eye
   239 | D        | Noticed a great orb of eyes
   243 | D        | Bought a bloodstained morningstar for 207 gold pieces
   243 | D        | Identified the +3 morningstar "Ukuugal" {drain, rCorr
                  | Str+3} (You bought it in a shop in the Dungeon)
   251 | D        | Killed Menkaure
   252 | D        | Reached skill level 12 in Fighting
   252 | D        | Reached XP level 8. HP: 31/60 MP: 8/8
   350 | D        | Bought a potion of curing for 33 gold pieces
   367 | D        | Noticed a shining eye
   374 | D        | Noticed a blink frog
   390 | D        | Killed a blink frog
   410 | D        | Found a hazy altar of Hepliaklqana.
   410 | D        | Found a snail-covered altar of Cheibriados.
   411 | D        | Found a stormy altar of Qazlal.
   411 | D        | Found a viscous altar of Jiyva.
   411 | D        | Found a shadowy altar of Dithmenos.
   412 | D        | Found a sacrificial altar of Ru.
   412 | D        | Found an ancient bone altar of Kikubaaqudgha.
   412 | D        | Found a white marble altar of Elyvilon.
   413 | D        | Found an ornate altar of the Wu Jian Council.
   413 | D        | Found a shimmering blue altar of Sif Muna.
   413 | D        | Found a corrupted altar of Lugonu.
   414 | D        | Found a shimmering altar of Xom.
   414 | D        | Found a bloodstained altar of Trog.
   414 | D        | Found a burning altar of Makhleb.
   415 | D        | Found a glowing golden altar of the Shining One.
   415 | D        | Found a basalt altar of Yredelemnul.
   415 | D        | Found a hide-covered altar of Uskayaw.
   418 | D        | Noticed a cane toad
   418 | D        | Noticed a cane toad
   419 | D        | Noticed a polar bear
   424 | D        | Mangled by a cane toad

Illustrated notes

Levels and vault maps discovered:
D:        the_violet_keep_of_menkaure [sprint2_stairs_cluster_1,
          sprint2_shoproom, sprint2_temple, sprint2_basic_supplies,
          sprint2_obstacle_2, sprint2_obstacle_5, sprint2_obstacle_3,
          sprint2_obstacle_1, sprint2_obstacle_6, sprint2_timed_cluster_1,
          sprint2_smallroom_cluster_1, sprint2_smallroom_final_cluster_1,
          sprint2_transparent_cluster_1, sprint2_second_timed_cluster_1,
          sprint2_sniper_area_1, sprint2_heavy_combat_area_1,
          sprint2_mutation_trap_area_1, sprint2_forest_area_1,
          sprint2_light_combat_area_1, sprint2_behind_water_1,
          sprint2_near_end_vault_1]

Skill      XL: |  1  2  3  4  5  6  7  8 |
---------------+-------------------------+-----
Fighting       | 6 7 9 10 12 | 12.0
Long Blades    | 4 6 7 9 11 | 11.7
Armour         | 3 4 5 6 |  6.6
Dodging        | 2 |  2.5
Maces & Flails | 2 |  2.5

Action                     |  1- 3 |  4- 6 |  7- 9 || total
---------------------------+-------+-------+-------++-------
  Melee: Falchion          |    10 |    45 |    20 ||    75
         Morningstar       |       |       |    14 ||    14
         Bite              |       |       |     1 ||     1
 Invoke: Berserk           |     1 |     1 |     1 ||     3
    Use: Potion            |       |       |     1 ||     1
 Armour: Animal skin       |     2 |     5 |    11 ||    18
  Dodge: Dodged            |     4 |     9 |    17 ||    30

Table legend: (Time is in decaauts)
 A = Elapsed time spent in this place.
 B = Non-inter-level travel time spent in this place.
 C = Inter-level travel time spent in this place.
 D = Time resting spent in this place.
 E = Time spent auto-exploring this place.
 F = Levels seen in this place.
 G = Mean time per level.
                   A        B        C        D        E       F      G
               +--------+--------+--------+--------+--------+-----+--------+
         Total |    436 |    436 |      0 |    121 |    119 |   1 |  436.0 |
       Dungeon |    436 |    436 |      0 |    121 |    119 |   1 |  436.0 |
               +--------+--------+--------+--------+--------+-----+--------+

Top non-repeatable levels by time:
       D: 436 daAuts
